[Event "Team 45 45 League T40"]
[Site "Internet Chess Club"]
[Date "2009.02.03"]
[Round "1"]
[White "bowwrestler"]
[Black "tcianciola"]
[Result "1-0"]
[WhiteElo "1003"]
[BlackElo "1120"]
[Opening "Sicilian"]
[ECO "B54"]
[Time "09:58:17"]
[TimeControl "2700+45"]

1. e4 c5 2. Nf3 d6 3. d4 cxd4 4. Nxd4 e5 5. Nf3 Nf6 6. Nc3 Be7 7. Bc4 Qc7 8. Bd5
O-O 9. O-O Qa5 10. Bd2 Nxd5 11. Nxd5 Qd8 12. Be3 Be6 13. Re1 Bxd5 14. Qxd5 Nc6
15. a3 Qa5 16. Red1 Qxd5 17. Rxd5 b6 18. b4 Rac8 19. c4 Bf6 20. c5 Ne7 21. Rxd6
Rfd8 22. Rdd1 bxc5 23. Bxc5 Ng6 24. Bxa7 Rxd1+ 25. Rxd1 Ra8 26. Rd7 Rc8 27. Kf1
Rc4 28. Nd2 Rc1+ 29. Ke2 Nf4+ 30. Kf3 Ra1 31. Nc4 h6 32. Be3 Ng6 33. b5 Nf8 34.
Rc7 Rb1 35. b6 Bd8 36. Rc6 Nd7 37. a4 Nb8 38. Rc8 Na6 39. Rxd8+ Kh7 40. Nd6 Ra1
41. b7 Rxa4 42. b8=Q Nxb8 43. Rxb8 f6 44. g4 g5 45. Kg3 Ra1 46. f4 exf4+ 47.
Bxf4 gxf4+ 48. Kxf4 Kg6 49. e5 Ra4+ 50. Ne4 {Black resigns} 1-0

[Event "Team 45 45 League T40"]
[Site "Internet Chess Club"]
[Date "2009.01.31"]
[Round "1"]
[White "Just-Jim"]
[Black "JimGaming"]
[Result "1/2-1/2"]
[WhiteElo "1372"]
[BlackElo "1271"]
[Opening "Sicilian: Hungarian variation"]
[ECO "B27"]
[Time "13:55:08"]
[TimeControl "2700+45"]

1. e4 c5 2. Nf3 g6 3. Bc4 Bg7 4. Ng5 e6 5. d3 Ne7 6. O-O O-O 7. f4 d5 8. exd5
exd5 9. Bb3 Nbc6 10. c3 h6 11. Nf3 Bg4 12. h3 Bxf3 13. Qxf3 b5 14. Na3 a6 15. f5
c4 16. dxc4 Ne5 17. Qg3 dxc4 18. Bxc4 bxc4 19. f6 Nf5 20. Qxe5 Qb6+ 21. Kh1 Bxf6
22. Qf4 Bg7 23. Nxc4 Qc5 24. Be3 Nxe3 25. Nxe3 f5 26. Qc4+ Qxc4 27. Nxc4 Rab8
28. Rf3 Rfc8 29. b3 Rc5 30. Raf1 Rd8 31. Rg3 g5 32. Rgf3 f4 33. h4 Rdd5 34. hxg5
hxg5 35. Rh3 g4 36. Rh4 Rh5 37. g3 Rxh4+ 38. gxh4 f3 39. Ne3 Rxc3 40. Nxg4 Bd4
41. Nh6+ Kh7 42. Nf5 Bc5 43. Kh2 Rc2+ 44. Kg3 f2 45. Kf3 Rxa2 46. Ne3 Bxe3 47.
Kxe3 Rb2 48. Rxf2 Rxb3+ 49. Kf4 Rb4+ 50. Kg5 Rb5+ 51. Kg4 Kg6 52. Kh3 Rb3+ 53.
Kg2 a5 54. Rf4 Rb2+ 55. Kg3 Rb5 56. Rc4 Kh5 57. Kf3 Rb3+ 58. Ke2 Rb2+ 59. Kd3
Rb3+ 60. Kc2 Rb5 61. Kc3 Rf5 62. Kb3 Rb5+ 63. Kc3 {Game drawn by mutual
agreement} 1/2-1/2

[Event "Team 45 45 League T40"]
[Site "Internet Chess Club"]
[Date "2009.01.30"]
[Round "1"]
[White "Gomer"]
[Black "reverendjim"]
[Result "0-1"]
[WhiteElo "1199"]
[BlackElo "1261"]
[Opening "Caro-Kann defense"]
[ECO "B11"]
[Time "14:02:31"]
[TimeControl "2700+45"]

1. e4 c6 2. Nc3 d5 3. exd5 cxd5 4. d4 Bf5 5. Bb5+ Nc6 6. Nf3 a6 7. Ba4 Bg4 8.
O-O Nf6 9. Qe1 Bxf3 10. gxf3 e6 11. f4 Qd6 12. f5 Ng4 13. f4 Be7 14. fxe6 fxe6
15. Qg3 h5 16. h3 h4 17. Qg2 Nf6 18. Qxg7 Rg8 {White resigns} 0-1

[Event "Team 45 45 League T40"]
[Site "Internet Chess Club"]
[Date "2009.01.30"]
[Round "1"]
[White "chips"]
[Black "MeansToAnEnd"]
[Result "1-0"]
[WhiteElo "1236"]
[BlackElo "1114"]
[Opening "Pirc: classical (two knights) system"]
[ECO "B08"]
[Time "21:05:26"]
[TimeControl "2700+45"]

1. e4 d6 2. d4 Nf6 3. Nc3 g6 4. Nf3 Bg7 5. Bg5 Nc6 6. Bb5 Bd7 7. d5 Na5 8. Bxd7+
Nxd7 9. O-O Nc4 10. Rb1 Nxb2 11. Rxb2 Bxc3 12. Rxb7 Nc5 13. Rb1 O-O 14. Qe2 Rb8
15. Qc4 Bg7 16. Be3 Nd7 17. Bxa7 Rb7 18. Rxb7 Qc8 19. Qxc7 Nf6 20. Qxc8 Rxc8 21.
Rb8 Rxb8 22. Bxb8 Nxe4 23. Re1 f5 24. c4 h6 25. a4 g5 26. h3 g4 27. hxg4 fxg4
28. Rxe4 gxf3 29. gxf3 Kf7 30. a5 Bc3 31. a6 {Black resigns} 1-0

[Event "Team 45 45 League T40"]
[Site "Internet Chess Club"]
[Date "2009.02.03"]
[Round "1"]
[White "stillday"]
[Black "QUEENCAT"]
[Result "1-0"]
[WhiteElo "1185"]
[BlackElo "903"]
[Opening "English: three knights system"]
[ECO "A27"]
[Time "13:32:14"]
[TimeControl "2700+45"]

1. c4 e5 2. Nc3 Nc6 3. Nf3 Bb4 4. Nd5 Nf6 5. Nxf6+ Qxf6 6. e3 d6 7. Be2 Bg4 8.
O-O O-O 9. Ne1 Be6 10. b3 e4 11. Rb1 a6 12. Bb2 Ne5 13. Nc2 Bc5 14. Bd4 Bxd4 15.
Nxd4 c5 16. Nxe6 fxe6 17. h3 Qg6 18. Qe1 Nf3+ 19. Bxf3 exf3 20. g3 Qh6 21. Kh2
e5 22. e4 Rae8 23. Qe3 Qg6 24. Qd3 Rd8 25. Qd5+ Rf7 26. Rg1 h6 27. Qd3 Kh7 28.
g4 Qg5 29. Qe3 Qxe3 30. dxe3 g5 31. Rg3 a5 32. a4 b5 33. Rd1 bxa4 34. bxa4 Rb8
35. Rgg1 Rb2 36. Rgf1 Ra2 37. Ra1 Rc2 38. Rac1 Ra2 39. Ra1 Rc2 40. Rac1 Ra2 41.
Ra1 Rb2 42. Rab1 Ra2 43. Ra1 Re2 44. Rae1 Rc2 45. Rc1 Ra2 46. Ra1 Rb2 47. Rab1
Rxb1 48. Rxb1 Kg6 49. Rb5 Rc7 50. Rxa5 Rb7 51. Ra6 Kf7 52. Rxd6 Rb2 53. Rxh6
Rxf2+ 54. Kg3 Ra2 55. Rh7+ Kf6 56. Ra7 Rc2 57. Ra6+ Kf7 58. a5 f2 59. Ra7+ Ke6
60. Ra6+ Ke7 61. Ra7+ Kd6 62. Rf7 Kc6 63. Rxf2 Rxc4 64. Ra2 Rxe4 65. a6 Rxe3+
66. Kh2 Rd3 67. a7 Rd8 68. a8=Q+ Rxa8 69. Rxa8 Kd5 70. Ra1 e4 71. Rd1+ Ke5 72.
Rf1 e3 73. Re1 Ke4 74. Kg3 Kd3 75. Kf3 e2 76. Rxe2 c4 77. h4 gxh4 78. g5 c3 79.
Re3+ Kd2 80. Rxc3 Kxc3 81. g6 h3 82. Kf2 Kd4 83. g7 Ke5 84. g8=Q Kf4 85. Qg3+
Ke4 86. Qxh3 Kd4 87. Qe3+ Kd5 88. Kf3 Kc4 89. Ke4 Kb5 90. Qc3 Kb6 91. Qc8 Kb5
92. Kd4 Kb4 93. Qc4+ Ka3 94. Qb5 Ka2 95. Kc3 Ka3 96. Qb3# {Black checkmated} 1-0

[Event "Team 45 45 League T40"]
[Site "Internet Chess Club"]
[Date "2009.01.29"]
[Round "1"]
[White "Morovon23"]
[Black "iasonmessinis"]
[Result "0-1"]
[WhiteElo "2146"]
[BlackElo "2243"]
[Opening "Queen's Indian: 4.g3"]
[ECO "E15"]
[Time "14:00:06"]
[TimeControl "2700+45"]

1. d4 Nf6 2. Nf3 e6 3. c4 b6 4. g3 Bb4+ 5. Bd2 Bxd2+ 6. Qxd2 Ba6 7. Qc2 O-O 8.
Bg2 Bb7 9. Nc3 c5 10. dxc5 bxc5 11. O-O Nc6 12. Rad1 Qe7 13. e3 Rfd8 14. Rd2 d5
15. Rfd1 Rab8 16. a3 dxc4 17. Qa4 Nd5 18. Nxd5 exd5 19. Rxd5 Rxd5 20. Rxd5 c3
21. bxc3 Nd4 22. Nxd4 Bxd5 23. Bxd5 cxd4 24. cxd4 Rb1+ 25. Kg2 Ra1 26. Qc6 Rxa3
27. Qc8+ Qf8 28. Qc7 a5 29. Be4 g6 30. d5 Qb4 31. Qe5 Ra2 32. d6 Qb2 33. Qf4 Qb5
34. Qf6 Rd2 35. Qd8+ Kg7 36. Qe7 Qc5 37. h4 Qxd6 38. Qxd6 Rxd6 39. Bc2 Rd2
{White resigns} 0-1

[Event "Team 45 45 League T40"]
[Site "Internet Chess Club"]
[Date "2009.01.31"]
[Round "1"]
[White "Klampin"]
[Black "DaPaz"]
[Result "1/2-1/2"]
[WhiteElo "1911"]
[BlackElo "2019"]
[Opening "Queen's Indian defense"]
[ECO "A47"]
[Time "09:06:36"]
[TimeControl "2700+45"]

1. d4 Nf6 2. Nf3 b6 3. Bf4 e6 4. e3 Bb7 5. Nbd2 Be7 6. Bd3 c5 7. O-O Nc6 8. c3
Rc8 9. Qe2 cxd4 10. exd4 d5 11. Rae1 O-O 12. Ne5 Nxe5 13. dxe5 Nd7 14. Qh5 g6
15. Qh3 a6 16. Bh6 Re8 17. f4 Nc5 18. Bc2 d4 19. Rd1 d3 20. Nf3 a5 21. Ng5 Qd5
22. Bb1 Ba6 23. b4 axb4 24. cxb4 Qd4+ 25. Rf2 Ne4 26. Nxe4 Qxe4 27. Bxd3 Bxd3
28. Qxd3 Qxd3 29. Rxd3 Bxb4 30. Rb2 Rc1+ 31. Kf2 Bc5+ 32. Kf3 Rf1+ 33. Kg3 Re1
34. Bg5 Re3+ 35. Rxe3 Bxe3 36. Kf3 Bc5 37. Rd2 Ra8 {Game drawn by mutual
agreement} 1/2-1/2

[Event "Team 45 45 League T40"]
[Site "Internet Chess Club"]
[Date "2009.01.30"]
[Round "1"]
[White "trucazzo"]
[Black "tsia68"]
[Result "1/2-1/2"]
[WhiteElo "2030"]
[BlackElo "1894"]
[Opening "Trompowsky attack (Ruth, Opocenský opening)"]
[ECO "A45"]
[Time "17:00:09"]
[TimeControl "2700+45"]

1. d4 Nf6 2. Bg5 g6 3. Bxf6 exf6 4. c4 f5 5. Nc3 Bg7 6. g3 d6 7. e3 Nc6 8. Bg2
O-O 9. Nge2 Rb8 10. Rb1 a6 11. b4 Bd7 12. a4 Ne7 13. b5 axb5 14. axb5 c6 15. O-O
Ra8 16. Qb3 Ra7 17. Ra1 Qa8 18. Qb2 Be6 19. Rxa7 Qxa7 20. Ra1 Qb6 21. Na4 Qc7
22. b6 Qd7 23. Qb3 Ra8 24. Rd1 Qd8 25. Nec3 Ra6 26. d5 cxd5 27. Nxd5 Nxd5 28.
Bxd5 Bxd5 29. Rxd5 Qa8 30. Nb2 Ra3 31. Qb5 Ra1+ 32. Kg2 Rb1 33. Rd2 h5 34. c5
Rxb2 35. Rxb2 Bxb2 36. Qxb2 dxc5 37. Qe5 c4 38. Qc7 Qa6 39. Qb8+ {Game drawn by
mutual agreement} 1/2-1/2

[Event "Team 45 45 League T40"]
[Site "Internet Chess Club"]
[Date "2009.02.01"]
[Round "1"]
[White "markgravitygood"]
[Black "PopolVuh"]
[Result "1-0"]
[WhiteElo "1759"]
[BlackElo "1882"]
[Opening "French: King's Indian attack"]
[ECO "C00"]
[Time "14:01:14"]
[TimeControl "2700+45"]

1. e4 e6 2. d3 d5 3. Nd2 c5 4. g3 Nc6 5. Bg2 g6 6. Ngf3 Bg7 7. O-O Nge7 8. exd5
exd5 9. Nb3 b6 10. c3 O-O 11. Re1 Bf5 12. Bf4 a5 13. a4 Qd7 14. d4 c4 15. Nbd2
f6 16. b3 Bd3 17. Nf1 Rae8 18. h4 h6 19. Bc1 g5 20. hxg5 fxg5 21. Ba3 g4 22. Nh4
Rf7 23. Bxe7 Rfxe7 24. Rxe7 Qxe7 25. Bxd5+ Kh8 26. Bxc6 Rc8 27. Qxd3 Qxh4 28.
Qf5 Qf6 29. Qxc8+ {Black resigns} 1-0

[Event "Team 45 45 League T40"]
[Site "Internet Chess Club"]
[Date "2009.02.01"]
[Round "1"]
[White "Chessduke"]
[Black "proudchess"]
[Result "1-0"]
[WhiteElo "2142"]
[BlackElo "1902"]
[Opening "Sicilian defense"]
[ECO "B41"]
[Time "12:00:10"]
[TimeControl "2700+45"]

1. e4 c5 2. Nf3 e6 3. d4 cxd4 4. c3 dxc3 5. Nxc3 Nc6 6. Bc4 a6 7. Bb3 Qc7 8. O-O
Nf6 9. Qe2 Ng4 10. g3 b6 11. Rd1 Bc5 12. Bf4 d6 13. Rf1 Bb7 14. Rad1 O-O 15. Na4
Nce5 16. Nxc5 bxc5 17. Ng5 a5 18. Nxe6 Qb6 19. Nxf8 Ba6 20. Nd7 Qc7 21. Qc2 Qxd7
22. f3 Qa7 23. fxg4 Bxf1 24. Kxf1 Nxg4 25. h3 Nf6 26. Bxd6 Qd7 27. Kg2 a4 28.
Bd5 Re8 29. Bxc5 Qc7 30. Qc1 Nh5 31. Bf2 Qe5 32. Qc3 Qg5 33. Qf3 Nf6 34. Qf5 Qh6
35. Bc6 Rb8 36. Qf4 Rc8 37. Qxh6 gxh6 38. Rd6 Nh5 39. Bxa4 Rb8 40. Bb3 Rb7 41.
Rxh6 Ng7 42. Bd4 Rd7 43. Bc3 Re7 44. Rh4 h5 45. Bxg7 Kxg7 46. Rxh5 Rxe4 47. Kf3
Re1 48. Rf5 Rf1+ 49. Kg4 f6 50. Rxf1 {Black resigns} 1-0

[Event "Team 45 45 League T40"]
[Site "Internet Chess Club"]
[Date "2009.01.31"]
[Round "1"]
[White "Fezzik"]
[Black "Legal"]
[Result "1/2-1/2"]
[WhiteElo "1986"]
[BlackElo "2016"]
[Opening "QGD semi-Slav: Chigorin defense"]
[ECO "D46"]
[Time "13:09:20"]
[TimeControl "2700+45"]

1. Nf3 d5 2. d4 c6 3. c4 Nf6 4. Nc3 e6 5. e3 Nbd7 6. Bd3 Bd6 7. O-O O-O 8. Re1
dxc4 9. Bxc4 b5 10. Bd3 e5 11. Ne4 Nxe4 12. Bxe4 Bb7 13. dxe5 Nxe5 14. Nxe5 Bxe5
15. Qc2 h6 16. Bd2 Qb6 17. Bb4 Rfd8 18. Rac1 Bd6 19. Bxd6 Rxd6 20. Qc5 Qxc5 21.
Rxc5 Rd2 22. Rb1 Rad8 23. g3 Rd1+ 24. Rxd1 Rxd1+ 25. Kg2 Rd2 26. Bxc6 Bxc6+ 27.
Rxc6 Rxb2 28. Ra6 b4 29. Rxa7 b3 30. axb3 Rxb3 31. g4 g6 32. Ra5 Kg7 33. h4 Rc3
34. Kg3 Rc4 35. Rd5 Ra4 36. h5 gxh5 37. Rxh5 Rb4 38. Rd5 Ra4 39. f3 Rb4 40. e4
Ra4 41. Kf4 Ra3 42. Rf5 f6 43. Rb5 Kg6 44. Rb8 Ra5 45. Rg8+ Kf7 46. Rh8 Kg7 47.
Rd8 Kg6 48. Rd5 Ra3 49. Rb5 Rc3 50. Rf5 Ra3 51. e5 Ra4+ 52. Kg3 fxe5 53. Rxe5
Rb4 54. Ra5 Rc4 55. Ra6+ Kg7 56. Re6 Ra4 57. f4 Rb4 58. Ra6 Rb3+ 59. Kh4 Rf3 60.
f5 Rf1 61. Rg6+ Kh7 62. Re6 Kg7 63. Kg3 h5 {Game drawn by mutual agreement}
1/2-1/2

[Event "Team 45 45 League T40"]
[Site "Internet Chess Club"]
[Date "2009.01.31"]
[Round "1"]
[White "LubanaColorok"]
[Black "JoshRom"]
[Result "0-1"]
[WhiteElo "1990"]
[BlackElo "2032"]
[Opening "Sicilian: dragon, Yugoslav attack"]
[ECO "B75"]
[Time "21:01:47"]
[TimeControl "2700+45"]

1. e4 c5 2. Nf3 d6 3. d4 cxd4 4. Nxd4 Nf6 5. Nc3 g6 6. f3 Bg7 7. Be3 Nc6 8. Qd2
Bd7 9. O-O-O O-O 10. g4 Ne5 11. h4 b5 12. Ncxb5 Rb8 13. Bh6 Bxb5 14. Bxg7 Kxg7
15. Nxb5 Nxf3 16. Qc3 Ne5 17. g5 Nxe4 18. Qe3 f5 19. Nd4 Nc5 20. Be2 Qb6 21. b3
Qa5 22. Kb1 Qa3 23. Qc1 Qa5 24. h5 Rfc8 25. hxg6 hxg6 26. Rh3 Ne4 27. c4 Nf2 28.
Ne6+ Kf7 29. Rh7+ Kxe6 30. Re1 Ne4 31. Kb2 Qd2+ 32. Qxd2 Nxd2 33. Rd1 Ndxc4+ 34.
Ka1 Ne3 35. Rdh1 Rc2 36. Ba6 Rb6 37. Bc4+ N3xc4 38. bxc4 Rbb2 39. Rg7 Rxa2+ 40.
Kb1 Rcb2+ 41. Kc1 Nd3+ 42. Kd1 Ra1# {White checkmated} 0-1

[Event "Team 45 45 League T40"]
[Site "Internet Chess Club"]
[Date "2009.02.01"]
[Round "1"]
[White "gaboonzoom"]
[Black "rookmaster23"]
[Result "1-0"]
[WhiteElo "1548"]
[BlackElo "1275"]
[Opening "Sicilian: Grand Prix attack"]
[ECO "B23"]
[Time "15:30:43"]
[TimeControl "2700+45"]

1. e4 c5 2. Nc3 Nc6 3. f4 e5 4. Nf3 d6 5. Bc4 Be7 6. d3 a6 7. O-O Nf6 8. Qe1 Nb4
9. Bb3 b5 10. Nd5 Nfxd5 11. Bxd5 Nxd5 12. exd5 Bb7 13. fxe5 Bxd5 14. exd6 Qxd6
15. Bg5 f6 16. Bh4 O-O 17. Bg3 Qd7 18. Bf4 Rfe8 19. Qg3 c4 20. Rad1 cxd3 21.
Rxd3 Qa7+ 22. Be3 Qb7 23. Nd4 Bc4 24. Nf5 g6 25. Nh6+ Kf8 26. Qh3 Bxd3 27. Qe6
Bc4 28. Rxf6+ Bxf6 29. Qxf6+ Bf7 30. Bc5+ Re7 31. Qxf7# {Black checkmated} 1-0

[Event "Team 45 45 League T40"]
[Site "Internet Chess Club"]
[Date "2009.01.31"]
[Round "1"]
[White "PawnSensei"]
[Black "ticopatzer"]
[Result "0-1"]
[WhiteElo "1419"]
[BlackElo "1478"]
[Opening "Petrov: modern attack, Symmetrical variation"]
[ECO "C43"]
[Time "14:06:16"]
[TimeControl "2700+45"]

1. e4 e5 2. Nf3 Nf6 3. d4 Nxe4 4. Bd3 d5 5. Nxe5 Bd6 6. O-O O-O 7. Nd2 Nxd2 8.
Bxd2 Nd7 9. f4 Nf6 10. Qf3 c6 11. Rae1 Qb6 12. Bc3 Bb4 13. Be2 Bxc3 14. bxc3 Bf5
15. Rb1 Qc7 16. Rb2 Ne4 17. Rd1 f6 18. Ng4 Bxg4 19. Qxg4 Nxc3 20. Re1 Rfe8 21.
Kf1 Re7 22. Qf3 Ne4 23. c3 Rae8 24. c4 Qd6 25. Rc2 Kh8 26. Bd3 Nd2+ 27. Rxd2
Rxe1+ 28. Kf2 R1e3 29. c5 Rxf3+ {White resigns} 0-1

[Event "Team 45 45 League T40"]
[Site "Internet Chess Club"]
[Date "2009.02.01"]
[Round "1"]
[White "SeniorCitizen"]
[Black "BosqueVerde"]
[Result "1-0"]
[WhiteElo "1375"]
[BlackElo "1235"]
[Opening "Four knights: Spanish variation"]
[ECO "C48"]
[Time "11:31:13"]
[TimeControl "2700+45"]

1. e4 e5 2. Nf3 Nc6 3. Bb5 Nf6 4. Nc3 Be7 5. O-O O-O 6. Bxc6 dxc6 7. d3 Be6 8.
d4 exd4 9. Qxd4 Bg4 10. Qe3 Re8 11. h3 Bh5 12. Nd2 Bb4 13. Re1 Nd5 14. Nxd5 cxd5
15. Qd4 c5 16. Qd3 dxe4 17. Qxd8 Raxd8 18. c3 Ba5 19. Nxe4 Bc7 20. Bg5 Rd5 21.
Nf6+ gxf6 22. Rxe8+ Kg7 23. Be3 b6 24. Re7 Be5 25. Rxa7 Be2 26. Rb7 b5 27. Rc7
c4 28. Rc5 Rxc5 29. Bxc5 h5 30. a4 b4 31. Bxb4 Bd3 32. a5 Be4 33. a6 f5 34. a7
f4 35. a8=Q Bxa8 36. Rxa8 {Black resigns} 1-0

[Event "Team 45 45 League T40"]
[Site "Internet Chess Club"]
[Date "2009.01.28"]
[Round "1"]
[White "WzeroMN"]
[Black "chips"]
[Result "1-0"]
[WhiteElo "1226"]
[BlackElo "1224"]
[Opening "Owen defense"]
[ECO "B00"]
[Time "15:30:15"]
[TimeControl "2700+45"]

1. e4 b6 2. Nf3 Bb7 3. Nc3 d5 4. exd5 Bxd5 5. Nxd5 Qxd5 6. d4 c5 7. c3 cxd4 8.
cxd4 Nc6 9. Be3 h6 10. Qa4 Qa5+ 11. Qxa5 Nxa5 12. Bb5+ Kd8 13. O-O Nf6 14. b4 a6
15. Be2 Nc6 16. a3 b5 17. Rac1 Na7 18. Ne5 Ke8 19. Rc7 Nd5 20. Rb7 Nxe3 21. fxe3
f6 22. Ng6 Rg8 23. Bg4 Kf7 24. Nf4 Nc6 25. Be6+ Ke8 26. Bxg8 g5 27. Ne6 Ra7 28.
Rxa7 Nxa7 29. Nxf8 Kxf8 30. Be6 h5 31. Rc1 {Black resigns} 1-0

[Event "Team 45 45 League T40"]
[Site "Internet Chess Club"]
[Date "2009.01.30"]
[Round "1"]
[White "FramerX"]
[Black "albacore"]
[Result "1-0"]
[WhiteElo "1468"]
[BlackElo "1458"]
[Opening "Scandinavian (center counter) defense"]
[ECO "B01"]
[Time "20:00:35"]
[TimeControl "2700+45"]

1. e4 d5 2. e5 Bf5 3. d4 e6 4. Bd3 Bxd3 5. Qxd3 c5 6. Qb5+ Qd7 7. Qxd7+ Nxd7 8.
c3 Ne7 9. Bg5 Ng6 10. Nf3 h6 11. Be3 Be7 12. O-O O-O 13. Na3 a6 14. c4 cxd4 15.
Bxd4 dxc4 16. Nxc4 f6 17. Rfe1 fxe5 18. Nfxe5 Ngxe5 19. Nxe5 Nxe5 20. Rxe5 Bf6
21. Re4 Bxd4 22. Rxd4 Rad8 23. Rad1 Rxd4 24. Rxd4 Rc8 25. h3 Rc2 26. Rb4 b5 27.
a4 bxa4 28. Rxa4 Rc6 29. Kf1 Kf7 30. Ke2 Rc2+ 31. Ke3 Rxb2 32. Rxa6 Kf6 33. Ra4
g5 34. Rd4 Ke5 35. Re4+ Kd5 36. Rd4+ Ke5 37. Re4+ Kf5 38. g4+ Kf6 39. Kf3 Rb3+
40. Kg2 Rd3 41. Rc4 Ke5 42. f3 Kf6 43. Rc8 Kg6 44. Rc6 Kf6 45. Kf2 Rd2+ 46. Kg3
Rd3 47. Rc8 Kg6 48. Re8 Kf6 49. Kf2 Ke5 50. Rh8 Kf4 51. Rf8+ Ke5 52. Rh8 Kf4 53.
Rxh6 Rxf3+ 54. Kg2 e5 55. Rf6+ Ke4 56. Rxf3 {Black resigns} 1-0

[Event "Team 45 45 League T40"]
[Site "Internet Chess Club"]
[Date "2009.01.29"]
[Round "1"]
[White "Glassywoman"]
[Black "CKNIGHT3"]
[Result "1-0"]
[WhiteElo "1456"]
[BlackElo "1329"]
[Opening "Sicilian defense"]
[ECO "B20"]
[Time "19:30:05"]
[TimeControl "2700+45"]

1. e4 c5 2. Bc4 d6 3. Nf3 a6 4. a4 Nf6 5. d3 Qc7 6. Ng5 e6 7. O-O Be7 8. Nc3
Nbd7 9. Bxe6 fxe6 10. Nxe6 Qc6 11. Nxg7+ Kd8 12. Nf5 Ne5 13. Bf4 Bxf5 14. exf5
Rg8 15. Bg3 h5 16. f3 Qd7 17. Bxe5 dxe5 18. Qe2 Qxf5 19. Rad1 h4 20. Ne4 h3 21.
g4 Kc7 22. Kh1 Qf4 23. c3 Rad8 24. Ng3 Rg6 25. Nf5 Kd7 26. d4 e4 27. fxe4 Qxg4
28. dxc5+ Ke6 29. Qc4+ Nd5 30. exd5+ Kd7 31. c6+ Ke8 32. Qxg4 Rxg4 33. Rfe1 Kf7
34. Nxe7 bxc6 35. Nxc6 Rdg8 36. Ne5+ Kf6 37. Nxg4+ Rxg4 38. d6 Kf5 39. d7 Kf4
40. Rd4+ Kf3 41. Rxg4 Kxg4 42. d8=Q Kf3 43. Qf6+ Kg4 44. Rg1+ Kh5 45. Qg5#
{Black checkmated} 1-0

[Event "Team 45 45 League T40"]
[Site "Internet Chess Club"]
[Date "2009.01.30"]
[Round "1"]
[White "cobbler"]
[Black "Kalar-Yadwa"]
[Result "0-1"]
[WhiteElo "1165"]
[BlackElo "1341"]
[Opening "Réti: King's Indian attack (Barcza system)"]
[ECO "A07"]
[Time "14:01:49"]
[TimeControl "2700+45"]

1. Nf3 d5 2. g3 e6 3. Bg2 Nf6 4. O-O Nbd7 5. d3 Bc5 6. Nbd2 d4 7. Ne4 Nxe4 8.
dxe4 e5 9. Qe1 Qe7 10. a3 Nf6 11. Ng5 h6 12. Nh3 Bd7 13. c3 O-O-O 14. Kh1 Bb5
15. f4 d3 16. exd3 Bxd3 17. Rf3 Bxe4 18. Re3 Bxg2+ 19. Kxg2 Bxe3 20. Qxe3 Kb8
21. fxe5 Ng4 22. Qg1 Qxe5 23. Bf4 Qe4+ 24. Kf1 Qf3+ 25. Nf2 Ne3+ 26. Bxe3 Qxe3
27. Re1 Qf3 28. Qg2 Qxg2+ 29. Kxg2 Rd2 30. b3 Rhd8 31. Re7 R8d7 32. Re8+ Rd8 33.
Re7 R2d7 34. Re3 c6 35. Rf3 Kc7 36. Ng4 Rd2+ 37. Kh3 R2d3 38. Rxf7+ R8d7 39. Rf4
Rxc3 40. Ne5 Rd5 41. Rf7+ Kb6 42. Nd7+ Rxd7 43. Rxd7 Rxb3 44. Rxg7 Rxa3 45. Rh7
c5 46. Rxh6+ Kb5 47. Kg4 Ra4+ 48. Kf5 c4 49. Ke4 c3+ 50. Kd3 Rc4 51. Rh4 Rc5 52.
Kc2 a5 53. Rf4 a4 54. Rf1 Kc4 55. Rf4+ Kb5 56. Rf3 Kb4 57. Rf4+ Rc4 58. Rxc4+
Kxc4 59. h4 a3 60. Kb1 Kb3 {White resigns} 0-1

[Event "Team 45 45 League T40"]
[Site "Internet Chess Club"]
[Date "2009.01.28"]
[Round "1"]
[White "rgadoury"]
[Black "KingOfHearts"]
[Result "0-1"]
[WhiteElo "1293"]
[BlackElo "1278"]
[Opening "Four knights: Italian variation"]
[ECO "C55"]
[Time "19:00:10"]
[TimeControl "2700+45"]

1. e4 e5 2. Nf3 Nc6 3. Bc4 Nf6 4. Nc3 Bb4 5. d3 h6 6. O-O O-O 7. a3 Ba5 8. b4
Bb6 9. Bb2 d6 10. h3 Be6 11. Nd5 a5 12. Nxb6 cxb6 13. Bxe6 fxe6 14. b5 Ne7 15.
a4 Ng6 16. Re1 Rc8 17. g3 Rc7 18. d4 Rcf7 19. Ra3 exd4 20. Bxd4 e5 21. Bb2 Nh7
22. Rd3 Qd7 23. Kg2 Ng5 24. Nxg5 Rxf2+ 25. Kg1 hxg5 26. g4 Nf4 27. Rxd6 Nxh3+
28. Kh1 Qf7 29. Qd5 Qxd5 30. exd5 Rxc2 31. Bxe5 Rff2 32. Rxb6 Rg2 33. Rf1 Rxg4
34. Rxb7 Nf2+ 35. Rxf2 Rxf2 36. Rxg7+ Kf8 37. Rh7 Rxa4 38. Rc7 Rb4 39. Rc1 Rxb5
40. d6 Rxe5 41. d7 Rd5 42. Rc8+ Ke7 {White resigns} 0-1

[Event "Team 45 45 League T40"]
[Site "Internet Chess Club"]
[Date "2009.02.01"]
[Round "1"]
[White "Portola"]
[Black "rubo"]
[Result "1-0"]
[WhiteElo "1824"]
[BlackElo "1696"]
[Opening "King's Indian: Torre attack"]
[ECO "A48"]
[Time "15:00:35"]
[TimeControl "2700+45"]

1. d4 Nf6 2. Nf3 g6 3. Bg5 Bg7 4. Nbd2 d5 5. h3 O-O 6. e3 c5 7. dxc5 Qa5 8. Bd3
Nc6 9. c3 Qxc5 10. O-O e5 11. e4 Be6 12. Bxf6 Bxf6 13. exd5 Bxd5 14. Ne4 Bxe4
15. Bxe4 Rfd8 16. Qe2 Rd7 17. Rfd1 Rad8 18. Rxd7 Rxd7 19. Rd1 Qe7 20. Rxd7 Qxd7
21. Bc2 a6 22. a4 Qd6 23. Nd2 Bg7 24. Ne4 Qd5 25. Qf3 Qd8 26. Bb3 Na5 27. Qxf7+
Kh8 28. Bd5 b5 29. Ng5 Qf8 30. Qe6 h6 31. Nf7+ Kh7 32. Be4 {Black resigns} 1-0

[Event "Team 45 45 League T40"]
[Site "Internet Chess Club"]
[Date "2009.02.02"]
[Round "1"]
[White "Emrebey"]
[Black "rayngrant"]
[Result "0-1"]
[WhiteElo "1593"]
[BlackElo "1562"]
[Opening "French: Winawer, advance, Bogolyubov variation"]
[ECO "C17"]
[Time "07:00:44"]
[TimeControl "2700+45"]

1. e4 e6 2. d4 d5 3. Nc3 Bb4 4. e5 c5 5. Bd2 a6 6. a3 cxd4 7. axb4 dxc3 8. Bxc3
Nc6 9. b5 Nce7 10. Qg4 Ng6 11. bxa6 bxa6 12. Bb5+ Bd7 13. Bxa6 Qb6 14. Bd4 Qb4+
15. c3 Qxb2 16. Qd1 Nf4 17. Rb1 Qa3 18. Bf1 Ne7 19. g3 Nfg6 20. f4 O-O 21. Nf3
Nf5 22. Be2 Nxd4 23. cxd4 Rfc8 24. O-O Qe3+ 25. Kh1 Ra2 26. Re1 Rcc2 27. Ng1
Qe4+ 28. Nf3 Rxe2 29. Qb3 Rxh2+ 30. Kg1 Rag2+ 31. Kf1 Bb5+ 32. Qxb5 Qxf3# {White
checkmated} 0-1

[Event "Team 45 45 League T40"]
[Site "Internet Chess Club"]
[Date "2009.02.02"]
[Round "1"]
[White "budugu"]
[Black "clarinetref"]
[Result "0-1"]
[WhiteElo "1552"]
[BlackElo "1735"]
[Opening "King's pawn opening"]
[ECO "B07"]
[Time "11:10:01"]
[TimeControl "2700+45"]

1. e4 d6 2. Nf3 g6 3. c3 Bg7 4. Bc4 Nf6 5. d3 O-O 6. O-O Nc6 7. Ng5 e6 8. Nf3
Na5 9. Bb3 Nxb3 10. Qxb3 b6 11. Bg5 h6 12. Bd2 Bb7 13. Qc2 Rc8 14. Qc1 Kh7 15.
Re1 e5 16. Na3 a6 17. Qb1 Re8 18. Nc4 c6 19. a4 Qc7 20. Be3 c5 21. Ncd2 d5 22.
exd5 Nxd5 23. c4 Nb4 24. Nb3 Rcd8 25. Rd1 e4 26. Ne1 exd3 27. Nxd3 Be4 28. Nbc1
Qd7 29. Ra3 Qg4 30. f3 Bxf3 31. Rd2 Rxe3 32. Kf1 Be4 33. h3 Qf5+ 34. Kg1 Re1+
35. Nxe1 Bxb1 36. Rxd8 Bd4+ 37. Rxd4 cxd4 38. Rf3 Qe6 39. Kf2 Be4 40. Rg3 Qxc4
41. Nb3 d3 42. Nd2 Qc5+ 43. Kf1 Qf5+ 44. Nef3 Nc2 45. Kg1 Bxf3 46. Rxf3 Qc5+ 47.
Kh2 Qd5 48. Rf2 Ne3 49. Kh1 Nd1 50. Rf6 Nxb2 51. Rf4 Kg7 52. Rb4 Nd1 53. Rxb6
Ne3 54. Rxa6 Qxg2# {White checkmated} 0-1

[Event "Team 45 45 League T40"]
[Site "Internet Chess Club"]
[Date "2009.02.02"]
[Round "1"]
[White "jazzyrick"]
[Black "allanchs"]
[Result "1-0"]
[WhiteElo "1515"]
[BlackElo "1532"]
[Opening "Scotch game"]
[ECO "C45"]
[Time "13:05:27"]
[TimeControl "2700+45"]

1. e4 e5 2. Nf3 Nc6 3. d4 exd4 4. Nxd4 Bc5 5. Be3 Qf6 6. c3 Nge7 7. Bc4 O-O 8.
O-O d6 9. Qd3 Ne5 10. Qe2 Nxc4 11. Qxc4 Bb6 12. a4 Be6 13. Nxe6 Qxe6 14. Qxe6
fxe6 15. Bxb6 axb6 16. Nd2 e5 17. b4 Rf7 18. Nc4 Nc6 19. Nb2 Nd8 20. Nd3 Ne6 21.
g3 Rf3 22. Rfd1 Ng5 23. Kg2 Raf8 24. Ra2 Nxe4 25. Rc2 R3f7 26. f4 exf4 27. Nxf4
c6 28. Rd4 d5 29. c4 Rd7 30. cxd5 cxd5 31. Nxd5 Rfd8 32. Ne7+ Kf7 33. Rxe4 Re8
34. Rf2# {Black checkmated} 1-0